 Dungeon Crawl Stone Soup version 0.28.0-53-g5a82cb258f (webtiles) character file.

Game seed: 383077717952782403

122 yokelz the Firebug (level 4, -7/24 HPs)
             Began as a Deep Elf Fire Elementalist on July 28, 2022.
             Mangled by a gnoll
             ... wielding a +0 halberd
              (14 damage)
             ... on level 3 of the Dungeon.
             The game lasted 00:07:12 (4289 turns).

yokelz the Firebug (Deep Elf Fire Elementalist)     Turns: 4289, Time: 00:07:13

Health: -7/24      AC:  4    Str:  3 (5)  XL:     4   Next: 78%
Magic:  11/11      EV: 17    Int: 19 (22) God:
Gold:   207        SH:  0    Dex: 18 (21) Spells: 6/10 levels left

rFire   . . .      SeeInvis .   s - +2 dagger (venom)
rCold   . . .      Faith    .   (no shield)
rNeg    . . .      Spirit   .   a - +1 robe
rPois   .          Reflect  .   (no helmet)
rElec   .          Harm     .   (no cloak)
rCorr   .          Rampage  .   i - +0 pair of gloves
Will    .....                   (no boots)
Stlth   ++........              (no amulet)
HPRegen 0.08/turn               m - +6 ring of dexterity
MPRegen 0.12/turn               t - +4 ring of evasion

@: no status effects
A: no striking features
a: no special abilities


You were on level 3 of the Dungeon.
You visited 1 branch of the dungeon, and saw 4 of its levels.

You collected 207 gold pieces.

Inventory:

Hand Weapons
 f - a +0 short sword
 q - a +4 dagger
 s - a +2 dagger of venom (weapon)
Missiles
 e - 12 poisoned darts
Armour
 a - a +1 robe (worn)
 i - a +0 pair of gloves (worn)
Jewellery
 m - a +6 ring of dexterity (left hand)
 n - a ring of see invisible
 t - a +4 ring of evasion (right hand)
Scrolls
 b - 2 scrolls of enchant armour
 d - 2 scrolls of identify {unknown}
 h - a scroll of teleportation {unknown}
 p - a scroll of immolation {unknown}
 r - a scroll of noise {unknown}
Potions
 c - a potion of degeneration
 g - a potion of curing
 j - a potion of haste {unknown}
 k - a potion of brilliance {unknown}
 l - a potion of resistance {unknown}
 o - a potion of lignification {unknown}


   Skills:
 - Level 2.4 Dodging
 - Level 2.4 Stealth
 + Level 3.8 Spellcasting
 * Level 3.0 Conjurations
 - Level 4.9 Fire Magic


You had 6 spell levels left.
You knew the following spells:

 Your Spells              Type           Power      Damage    Failure   Level
a - Magic Dart            Conj           60%        1d6       4%          1
b - Foxfire               Conj/Fire      72%        2x1d7     2%          1
c - Scorch                Fire           44%        2d7       2%          2

Your spell library contained the following spells:

 Spells                   Type           Power      Damage    Failure   Level
 Searing Ray              Conj           30%        2d5       6%          2
 Conjure Flame            Conj/Fire      18%        6-21      9%          3
 Inner Flame              Hex/Fire       13%        N/A       16%         3
 Dazzling Flash           Conj/Hex       18%        N/A       22%         3
 Flame Wave               Conj/Fire      18%        2d6       26%         4
 Call Canine Familiar     Summ           3%         N/A       38%         3
 Portal Projectile        Hex/Tloc       6%         N/A       38%         3
 Fulminant Prism          Conj/Hex       4%         3d6       58%         4
 Iskenderun's Mystic Bla  Conj/Tloc      9%         2d4       58%         4
 Leda's Liquefaction      Hex/Erth       1%         N/A       80%         4
 Starburst                Conj/Fire      9%         6d5       99%         6


Dungeon Overview and Level Annotations

Branches:
Dungeon (4/15)
 Temple: D:4-7

Altars:
Hepliaklqana
The Shining One

Shops:
D:2 =


Message History

You see here a +0 flail.
You start resting.
Magic restored.
You start waiting.
Done waiting.
There is a stone staircase leading down here.
You climb downwards.
The gnoll hits you with a +0 halberd!
Ouch! That really hurt!
* * * LOW HITPOINT WARNING * * *
There is a stone staircase leading up, spattered with blood here.
The gnoll completely misses you. The gnoll hits you with a +0 club.
* * * LOW HITPOINT WARNING * * *
You climb upwards.
There is a stone staircase leading down here.
As you read the scroll labelled POREEX DULO, it crumbles to dust.
It is a scroll of enchant armour.
Your +0 robe glows green for a moment.
The gnoll misses you. The gnoll hits you with a +0 club.
* * * LOW HITPOINT WARNING * * *
It was a potion of degeneration.
There was something very wrong with that liquid.
You feel weakened.
You feel dopey.
You feel clumsy. The gnoll closely misses you. The gnoll misses you.
It was a potion of curing.
You feel better. The gnoll closely misses you.
The gnoll hits you with a +0 club.
* * * LOW HITPOINT WARNING * * *
You hit the gnoll.
The gnoll is poisoned.
The gnoll is lightly wounded.
The gnoll barely misses you. x2
You closely miss the gnoll.
The gnoll is lightly wounded.
The gnoll closely misses you. The gnoll barely misses you.
You hit the gnoll but do no damage.
The gnoll looks even sicker.
The gnoll is lightly wounded.
The gnoll closely misses you. The gnoll misses you.
You barely miss the gnoll.
The gnoll is lightly wounded.
The gnoll hits you with a +0 halberd!
Ouch! That really hurt!
You die...

#......##.#
#......####
####...####
#.#..... #.#.####
#.#.##.. #.#.##.#
###########...#..#
#@g.รท.............
#g#######.###.#..#
#.# #.# ###.<#
#.#######.#####..#
#.................
#......##.#####...
#......##.# #...
#......##.# ####
#......##.#


You could see 2 gnolls.

Vanquished Creatures
  A bullfrog skeleton (D:3)
  A gnoll (D:3)
  2 adders (D:3)
  2 dart slugs (D:1)
  4 bats (D:1)
  4 endoplasms
  3 giant cockroaches
  8 goblins
  6 hobgoblins
  A quokka (D:2)
  7 ball pythons
  2 frilled lizards (D:2)
  8 kobolds
  9 rats
58 creatures vanquished.

Vanquished Creatures (collateral kills)
  A foxfire (D:1)
1 creature vanquished.

Vanquished Creatures (others)
  26 foxfires (D:1)
26 creatures vanquished.

Grand Total: 85 creatures vanquished

Notes
Turn   | Place    | Note
-------+----------+-------------------------------------------
     0 | D:1      | yokelz the Deep Elf Fire Elementalist began the quest for
                  | the Orb.
     0 | D:1      | Reached XP level 1. HP: 10/10 MP: 6/6
   406 | D:1      | Reached XP level 2. HP: 15/15 MP: 6/8
   411 | D:1      | Reached skill level 4 in Fire Magic
  1059 | D:1      | Learned a level 2 spell: Scorch
  1344 | D:1      | Reached XP level 3. HP: 15/19 MP: 3/9
  2296 | D:2      | Found Hiyg Kia's Jewellery Emporium.
  2504 | D:2      | Learned a level 1 spell: Magic Dart
  2899 | D:3      | Found a hazy altar of Hepliaklqana.
  3133 | D:3      | Found a glowing golden altar of the Shining One.
  3230 | D:3      | Reached XP level 4. HP: 10/24 MP: 0/11
  3733 | D:3      | Found a faded altar of an unknown god.
  4055 | D:4      | Noticed a black bear
  4289 | D:3      | Mangled by a gnoll

Illustrated notes

Levels and vault maps discovered:
D:1:      dpeg_arrival_orchard, layout_basic, bh_walls_and_bars
D:2:      layout_rooms, serial_shops, shop, minmay_misc_feat_rows
D:3:      layout_basic, amcnicky_altar_gilded, tso_oasis_becter,
          dreamdust_ecumenical_altar_angels_and_demons,
          nicolae_underground_beach
D:4:      layout_gridville

Skill      XL: |  1  2  3  4 |
---------------+-------------+-----
Fire Magic     | 4 |  4.9
Conjurations   | 2 3 |  3.0
Dodging        | |  2.4
Stealth        | |  2.4
Spellcasting   | |  3.8

Action                   |  1- 3 |  4- 6 || total
-------------------------+-------+-------++-------
Melee: Hand axe          |     7 |       ||     7
       Short sword       |    28 |       ||    28
       Mace              |    10 |       ||    10
       Dagger            |       |     7 ||     7
       Punch             |       |     1 ||     1
 Cast: Foxfire           |    16 |       ||    16
       Scorch            |    19 |       ||    19
       Magic Dart        |    32 |    27 ||    59
  Use: Potion            |       |     2 ||     2
       Scroll            |       |     1 ||     1
 Stab: Sleeping          |     3 |       ||     3
Armor: Robe              |    12 |       ||    12
Dodge: Dodged            |    38 |    15 ||    53
